 Dungeon Crawl Stone Soup version 0.30-a0-613-gdd512c7efb (webtiles) character file.

Game seed: 11428403486660681563

11093 wormed the Thaumaturge (level 11, -6/89 HPs)
             Began as a Mummy Necromancer on Jan 9, 2023.
             Was a High Priest of Vehumet.
             Mangled by Snorg (9 damage)
             ... on level 11 of the Dungeon.
             The game lasted 00:23:36 (12747 turns).

wormed the Thaumaturge (Mummy Necromancer)         Turns: 12747, Time: 00:23:36

Health: -6/89      AC: 11    Str: 17    XL:     11   Next: 44%
Magic:  6/25       EV: 15    Int: 23    God:    Vehumet [*****.]
Gold:   628        SH:  0    Dex: 13    Spells: 18/30 levels left

rFire   x . .      SeeInvis .    A - +5 rapier of the Supporting Seeker {protect, *Corrode Will+ Str+6 Int+4}
rCold   + . .      Faith    +    (no shield)
rNeg    + + +      Spirit   .    v - +1 robe {Will+}
rPois   ∞          Reflect  .    u - +0 helmet
rElec   .          Harm     .    l - +0 cloak
rCorr   .          Rampage  .    h - +1 pair of gloves
Will    ++++.                    (no boots)
Stlth   ++                       f - amulet of regeneration
HPRegen 1.14/turn                n - +4 ring of protection
MPRegen 0.19/turn                w - ring of willpower

@: no status effects
A: cold resistance 1, negative energy resistance 3, torment resistance 2, heat
vulnerability 1, in touch with death 1, no potions, faith
a: Renounce Religion


You were on level 11 of the Dungeon.
You worshipped Vehumet.
Vehumet was extremely pleased with you.
You visited 1 branch of the dungeon, and saw 11 of its levels.

You collected 628 gold pieces.

Inventory:

Hand Weapons
 A - the +5 rapier of the Supporting Seeker (weapon) {protect, *Corrode Will+ Str+6 Int+4}
   (You found it on level 10 of the Dungeon)

   Str:       It affects your strength (+6).
   Int:       It affects your intelligence (+4).
   *Corrode:  It may corrode you when you take damage.
   Will:      It increases your willpower.
Missiles
 i - 3 datura-tipped darts
 m - 29 poisoned darts
Armour
 h - a +1 pair of gloves (worn)
 l - a +0 cloak (worn)
 u - a +0 helmet (worn)
 v - a +1 robe of willpower (worn)
Jewellery
 c - a ring of wizardry
 e - a ring of fire
 f - an amulet of regeneration (around neck)
 n - a +4 ring of protection (left hand)
 w - a ring of willpower (right hand)
Wands
 k - a wand of light (11)
 o - a wand of digging (10)
 s - a wand of mindburst (9) (quivered)
Scrolls
 a - 2 scrolls of magic mapping
 b - 5 scrolls of identify
 d - 3 scrolls of teleportation
 g - 5 scrolls of vulnerability
 j - 5 scrolls of fear
 p - 2 scrolls of enchant armour
 q - a scroll of noise
 r - 2 scrolls of fog
 t - a scroll of blinking
 z - 2 scrolls of poison


   Skills:
 + Level 9.5 Fighting
 + Level 8.2 Dodging
 - Level 1.5 Stealth
 - Level 10.0 Spellcasting
 - Level 10.0 Necromancy
 * Level 2.2 Earth Magic


You had 18 spell levels left.
You knew the following spells:

 Your Spells              Type           Power      Damage    Failure   Level
a - Necrotise             Necr           100%       1d9       1%          1
b - Vampiric Draining     Necr           72%        2d11      1%          3
c - Animate Dead          Necr           72%        N/A       1%          4
d - Dispel Undead         Necr           72%        3d24      1%          4

Your spell library contained the following spells:

 Spells                   Type           Power      Damage    Failure   Level
 Olgreb's Toxic Radiance  Pois           11%        N/A       16%         4
 Kiss of Death            Conj/Necr      100%       2d13      1%          1
 Sandblast                Erth           44%        2d11      1%          1
 Agony                    Necr           72%        N/A       2%          5
 Stone Arrow              Conj/Erth      32%        3d9       3%          3
 Apportation              Tloc           22%        N/A       5%          1
 Summon Small Mammal      Summ           44%        N/A       5%          1
 Passwall                 Tmut/Erth      13%        N/A       5%          2
 Call Canine Familiar     Summ           11%        N/A       17%         3
 Confusing Touch          Hex            11%        N/A       17%         3
 Ozocubu's Armour         Ice            11%        N/A       17%         3
 Portal Projectile        Hex/Tloc       22%        N/A       17%         3
 Leda's Liquefaction      Hex/Erth       8%         N/A       34%         4
 Petrify                  Tmut/Erth      16%        N/A       34%         4
 Irradiate                Conj/Tmut      5%         3d13      36%         5
 Yara's Violent Unravell  Hex/Tmut       5%         3d4       36%         5
 Manifold Assault         Tloc           11%        N/A       50%         4
 Simulacrum               Ice/Necr       25%        N/A       73%         6
 Metabolic Englaciation   Hex/Ice        5%         N/A       83%         5
 Dispersal                Tloc           5%         N/A       100%        6
 Enfeeble                 Hex            5%         N/A       100%        7
 Malign Gateway           Summ/Tloc      5%         N/A       100%        7
 Ozocubu's Refrigeration  Ice            5%         4d8       100%        7
 Disjunction              Tloc           5%         N/A       100%        8
 Summon Horrible Things   Summ           5%         N/A       100%        8
 Sublimation of Blood     Necr           Unusable   N/A       N/A         2
 Blade Hands              Tmut           Unusable   N/A       N/A         5
 Dragon Form              Tmut           Unusable   N/A       N/A         7

Dungeon Overview and Level Annotations

Branches:
Dungeon (11/15)            Temple (0/1) D:5            Lair (0/5) D:9
    Orc (0/2) D:10

Altars:
Fedhas
Hepliaklqana
Nemelex Xobeh
Vehumet

Shops:
D:4 (   D:5 (   D:10 *

Annotations:
D:9 exclusion: statue
D:11 Snorg


Innate Abilities, Weirdness & Mutations

You are immune to poison.
Your flesh is cold resistant. (rC+)
You are immune to negative energy. (rN+++)
You are immune to unholy pain and torment.
You are vulnerable to heat. (rF-)
You are in touch with the powers of death.
You do not drink.
You have a special connection with the divine. (Faith)


Message History

Casting: Vampiric Draining (safe; 1% risk of failure)
Confirm with . or Enter, or press ? or * to list all spells.
Aiming: Vampiric Draining (safe; 1% risk of failure)
Press: ? - help, Shift-Dir - straight line, f/p - Snorg
Aim: Snorg (heavily wounded, berserk)
You feel a surge of power!
You draw life force from Snorg!!
You feel life coursing into your body! Snorg bites you!
Snorg claws you but does no damage. Snorg claws you!
* * * LOW HITPOINT WARNING * * *
Snorg misses you. Snorg claws you.
* * * LOW HITPOINT WARNING * * *
Snorg closely misses you.
Blink to where?
Press: ? - help, Dir - move target, p - Snorg
As you read the scroll of blinking, it crumbles to dust.
Throw: dart (curare)
Press: ? - help, Q - select action, (/) - cycle Shift-Dir - straight line, f - Snorg
Aim: Snorg (severely wounded, berserk, 62% to hit)
You throw a curare-tipped dart.
The curare-tipped dart closely misses Snorg.
You hear a shout!
Aiming: Mindburst
Press: ? - help, Q - select action, (/) - cycle Shift-Dir - straight line, f/p - Snorg
Aim: Snorg (severely wounded, berserk, chance to affect: 29%) Snorg easily resists.
Aiming: Mindburst
Press: ? - help, Q - select action, (/) - cycle Shift-Dir - straight line, f/p - Snorg
Aim: Snorg (severely wounded, berserk, chance to affect: 29%) Snorg easily resists.
Snorg bites you but does no damage. Snorg claws you but does no damage.
Snorg claws you.
* * * LOW HITPOINT WARNING * * *
Aiming: Mindburst
Press: ? - help, Q - select action, (/) - cycle Shift-Dir - straight line, f/p - Snorg
Aim: Snorg (heavily wounded, berserk, chance to affect: 29%) Snorg easily resists.
Snorg bites you!
* * * LOW HITPOINT WARNING * * *
Snorg claws you!
You die...

# # # #
##############
#####.............
#.....###########.
#.##### #. #####@# #.
###.#####...#T# #.
....(...C.....# ##.
#########...### ##..
##C## ##.#.
#.###############.##.
#...................[
#################.###
##.##


You could see Snorg (berserk) and a cyclops.

Vanquished Creatures
  Harold (D:9)
  Erica (D:9)
  2 two-headed ogres
  A manticore (D:11)
  A komodo dragon (D:11)
  2 kobold demonologists (D:8)
  A troll (D:10)
  Prince Ribbit (D:9)
  Sigmund (D:4)
  A shadow (D:10)
  A wyvern (D:9)
  11 yaks
  Menkaure (D:5)
  6 water moccasins
  Duvessa (D:5)
  2 orc warriors
  2 ice beasts
  A phantom (D:5)
  3 centaurs
  2 kobold brigands
  3 bullfrogs
  2 necrophages
  3 scorpions
  Dowan (D:5)
  5 killer bees (D:7)
  8 howler monkeys
  An orc priest (D:9)
  3 hounds (D:6)
  4 jellies
  Crazy Yiuf (D:4)
  Ijyb (D:5)
  3 iguanas
  Natasha (thrice) (D:3)
  2 orc wizards (D:4)
  3 gnolls (D:6)
  6 adders
  A shadow imp (D:6)
  A white imp (D:8)
  An ufetubus (D:7)
  5 dart slugs
  19 orcs
  9 endoplasms
  2 giant cockroaches (D:2)
  12 goblins
  9 hobgoblins
  3 jackals (D:1)
  A quokka (D:3)
  6 ball pythons
  6 bats
  2 frilled lizards
  13 kobolds
  7 rats
188 creatures vanquished.

Vanquished Creatures (collateral kills)
  2 wyverns (D:9)
  4 yaks
  A basilisk (D:9)
  A water moccasin (D:9)
  A black bear (D:9)
  3 wolves (D:9)
  A kobold brigand (D:9)
  A phantom (D:4)
  4 howler monkeys
  3 orcs (D:9)
  A goblin (D:9)
  A frilled lizard (D:1)
  7 kobolds
30 creatures vanquished.

Vanquished Creatures (others)
  A manticore zombie (D:11)
  2 wyvern zombies (D:9)
  A yak zombie (D:9)
  3 wolf zombies (D:9)
  A bullfrog zombie (D:9)
  A black bear zombie (D:9)
  A scorpion zombie (D:7)
  A howler monkey zombie (D:8)
  3 kobold zombies (D:9)
  5 orc zombies
  5 fungi (D:9)
  13 plants
37 creatures vanquished.

Grand Total: 255 creatures vanquished

Notes
Turn   | Place    | Note
-------+----------+-------------------------------------------
     0 | D:1      | wormed the Mummy Necromancer began the quest for the Orb.
     0 | D:1      | Reached XP level 1. HP: 13/13 MP: 4/4
   434 | D:1      | Reached XP level 2. HP: 20/20 MP: 1/6
   763 | D:1      | Reached skill level 1 in Fighting
  1188 | D:1      | Gained mutation: You are in touch with the powers of death.
                  | [Mummy growth]
  1188 | D:1      | Reached XP level 3. HP: 26/26 MP: 4/7
  1977 | D:2      | Found a blossoming altar of Fedhas.
  2458 | D:3      | Reached XP level 4. HP: 33/33 MP: 4/9
  2544 | D:3      | Found a faded altar of an unknown god.
  2578 | D:3      | Prayed at the altar of an unknown god.
  2578 | D:3      | Became a worshipper of Vehumet
  2578 | D:3      | Reached * piety under Vehumet
  2578 | D:3      | Offered knowledge of Magic Dart by Vehumet.
  2759 | D:3      | Found a blossoming altar of Fedhas.
  2776 | D:3      | Noticed Natasha
  2784 | D:3      | Killed Natasha
  3072 | D:3      | Noticed Natasha
  3079 | D:3      | Killed Natasha
  3080 | D:3      | Reached XP level 5. HP: 38/38 MP: 6/11
  3126 | D:3      | Noticed Natasha
  3130 | D:3      | Killed Natasha
  3199 | D:4      | Found Gaegur's Weapon Emporium.
  3272 | D:4      | Found a runed translucent door.
  3273 | D:4      | Noticed Crazy Yiuf
  3351 | D:4      | Noticed a phantom
  3370 | D:4      | Killed a phantom
  3371 | D:4      | Reached XP level 6. HP: 46/46 MP: 5/12
  3375 | D:4      | Learned a level 3 spell: Vampiric Draining
  3714 | D:4      | Reached skill level 5 in Necromancy
  3937 | D:4      | You fall into a shaft and drop 2 floors!
  3997 | D:6      | Reached ** piety under Vehumet
  3997 | D:6      | Offered knowledge of Searing Ray by Vehumet.
  4073 | D:6      | Reached skill level 5 in Spellcasting
  4082 | D:6      | Learned a level 4 spell: Animate Dead
  4196 | D:5      | Entered Level 5 of the Dungeon
  4200 | D:5      | Reached XP level 7. HP: 52/52 MP: 9/14
  4320 | D:5      | Noticed Dowan
  4339 | D:5      | Found Sulapnust's Weapon Emporium.
  4360 | D:5      | Noticed Ijyb
  4367 | D:5      | Killed Ijyb
  4473 | D:5      | Found a staircase to the Ecumenical Temple.
  4618 | D:4      | Found the +5 Force Lance {heavy, knockback}
  4626 | D:4      | Noticed Sigmund
  4634 | D:4      | Killed Sigmund
  4764 | D:4      | Learned a level 4 spell: Dispel Undead
  5073 | D:4      | Killed Crazy Yiuf
  5176 | D:5      | Noticed Duvessa
  5186 | D:5      | Killed Duvessa
  5187 | D:5      | Reached XP level 8. HP: 61/61 MP: 2/17
  5304 | D:5      | Killed Dowan
  5869 | D:5      | Noticed Menkaure
  5875 | D:5      | Killed Menkaure
  5876 | D:5      | Reached skill level 5 in Fighting
  6120 | D:6      | Offered knowledge of Frozen Ramparts by Vehumet.
  6907 | D:6      | Found a sparkling altar of Nemelex Xobeh.
  6917 | D:6      | Reached *** piety under Vehumet
  7477 | D:7      | Reached skill level 5 in Dodging
  7491 | D:7      | Offered knowledge of Dazzling Flash by Vehumet.
  7492 | D:7      | Reached XP level 9. HP: 65/69 MP: 4/20
  9187 | D:9      | Reached **** piety under Vehumet
  9201 | D:9      | Offered knowledge of Kindle Blastsparks by Vehumet.
  9221 | D:9      | Reached XP level 10. HP: 79/79 MP: 1/23
  9248 | D:9      | Found a staircase to the Lair.
  9251 | D:9      | Noticed a smoke demon
  9395 | D:9      | Noticed Harold
  9412 | D:9      | Killed Harold
  9550 | D:9      | Noticed a rust devil
  9905 | D:9      | Reached skill level 10 in Spellcasting
 10052 | D:9      | Found a radiant altar of Vehumet.
 10357 | D:9      | Noticed Erica
 10377 | D:9      | Killed Erica
 10495 | D:9      | Noticed Prince Ribbit
 10508 | D:9      | Killed Prince Ribbit
 10664 | D:9      | Noticed a two-headed ogre
 10673 | D:9      | Killed a two-headed ogre
 10674 | D:9      | Reached XP level 11. HP: 79/87 MP: 12/25
 10977 | D:9      | Found a hazy altar of Hepliaklqana.
 11086 | D:10     | Entered Level 10 of the Dungeon
 11397 | D:10     | Reached ***** piety under Vehumet
 11403 | D:10     | Offered knowledge of Olgreb's Toxic Radiance by Vehumet.
 11524 | D:10     | Found a staircase to the Orcish Mines.
 11551 | D:10     | Identified the +5 rapier of the Supporting Seeker {protect,
                  | *Corrode Will+ Str+6 Int+4}
 11600 | D:10     | Found Kasuir's Serpentskin Sales.
 11844 | D:10     | Reached skill level 10 in Necromancy
 12335 | D:11     | Reached skill level 1 in Earth Magic
 12387 | D:11     | Noticed a two-headed ogre
 12401 | D:11     | Killed a two-headed ogre
 12726 | D:11     | Noticed Snorg
 12747 | D:11     | HP: 3/89 [Snorg (16)]
 12747 | D:11     | Mangled by Snorg

Illustrated notes

Levels and vault maps discovered:
D:1:      roderic_lyre, layout_basic
D:2:      layout_basic, basic_altar
D:3:      layout_rooms, nicolae_overflow_crystal_walls,
          shapermc_ecumenical_altar_starsandcircs, serial_bayou_ford_a,
          glass_columns_b, chequers_serial_rivers_large_b, uniq_natasha
D:4:      layout_cave_pods, serial_shops, shop, serial_park_tiny_pond,
          uniq_crazy_yiuf_cottage, uniq_sigmund
D:5:      layout_loops_ring, minmay_temple_entry_hall, serial_shops, shop,
          uniq_duvessa, uniq_menkaure, uniq_ijyb
D:6:      layout_cave_pods, amcnicky_altar_gilded, mainiacjoe_overflow_alcove_1
D:7:      layout_rooms
D:8:      layout_layer_cave
D:9:      layout_gridville, nicolae_hepliaklqana_hippocampus, vehumet_statue,
          minmay_lair_entry_grove, enter_bailey_4, uniq_erica,
          uniq_prince_ribbit1, uniq_harold
D:10:     layout_loops_cross, orc_0_dummy, guppyfry_shop_venom
D:11:     layout_loops_ring, uniq_maurice, uniq_snorg

Skill      XL: |  1  2  3  4  5  6  7  8  9 10 11 |
---------------+----------------------------------+-----
Spellcasting   | 3 4 5 6 7 9 10 | 10.0
Fighting       | 1 2 3 4 5 7 8 9 |  9.5
Dodging        | 2 3 4 5 6 7 8 |  8.2
Necromancy     | 5 6 7 8 9 10 | 10.0
Earth Magic    | 2 |  2.2
Stealth        | |  1.5

Action                   |  1- 3 |  4- 6 |  7- 9 | 10-12 || total
-------------------------+-------+-------+-------+-------++-------
Melee: Dagger            |    11 |       |       |       ||    11
       Punch             |     2 |     3 |     2 |       ||     7
       Short sword       |    11 |    35 |   109 |    42 ||   197
       Rapier            |       |       |       |    26 ||    26
Throw: Dart              |       |       |       |     9 ||     9
       Throwing net      |       |       |       |     2 ||     2
 Cast: Necrotise         |    89 |    46 |    69 |    10 ||   214
       Vampiric Draining |       |    10 |    92 |   119 ||   221
       Animate Dead      |       |       |    10 |     4 ||    14
       Dispel Undead     |       |       |     1 |     1 ||     2
Evoke: Wand              |       |     1 |       |     3 ||     4
  Use: Scroll            |     3 |       |     7 |     2 ||    12
 Stab: Distracted        |     1 |       |     1 |       ||     2
       Sleeping          |     2 |       |     2 |       ||     4
       Held in net/web   |       |       |       |     1 ||     1
Armor: Robe              |     6 |    12 |    66 |    62 ||   146
Dodge: Dodged            |    29 |    27 |   140 |   167 ||   363

Table legend: (Time is in decaauts)
 A = Elapsed time spent in this place.
 B = Non-inter-level travel time spent in this place.
 C = Inter-level travel time spent in this place.
 D = Time resting spent in this place.
 E = Time spent auto-exploring this place.
 F = Levels seen in this place.
 G = Mean time per level.
                   A        B        C        D        E       F      G
               +--------+--------+--------+--------+--------+-----+--------+
         Total |  12807 |  12346 |    461 |      0 |  10602 |  11 | 1164.3 |
       Dungeon |  12807 |  12346 |    461 |      0 |  10602 |  11 | 1164.3 |
               +--------+--------+--------+--------+--------+-----+--------+

Top non-repeatable levels by time:
     D:9: 1749 daAuts
     D:8: 1593 daAuts
     D:1: 1582 daAuts
     D:6: 1524 daAuts
     D:4: 1498 daAuts
     D:5: 1119 daAuts
    D:10: 992 daAuts
     D:2: 870 daAuts
     D:3: 785 daAuts
     D:7: 712 daAuts
    D:11: 379 daAuts
